 Dungeon Crawl Stone Soup version 0.28.0-53-g5a82cb258f (webtiles) character file.

Game seed: 13928647934331444259

113 ILmort the Chiller (level 4, -1/30 HPs)
             Began as a Merfolk Ice Elementalist on Aug 13, 2022.
             Slain by a goblin
             ... wielding a +0 spear
             ... led by Robin
              (3 damage)
             ... on level 4 of the Dungeon.
             The game lasted 00:10:46 (3725 turns).

ILmort the Chiller (Merfolk Ice Elementalist)       Turns: 3725, Time: 00:10:47

Health: -1/30      AC:  3    Str: 14    XL:     4   Next: 96%
Magic:  17/17      EV: 12    Int: 16    God:
Gold:   159        SH:  0    Dex: 14    Spells: 8/9 levels left

rFire   . . .      SeeInvis .   n - +3 mace
rCold   . . .      Faith    .   (no shield)
rNeg    . . .      Spirit   .   a - +0 robe
rPois   .          Reflect  .   (no helmet)
rElec   .          Harm     .   g - +0 cloak
rCorr   .          Rampage  .   (no gloves)
Will    .....                   (no boots)
Stlth   ++........              p - amulet of regeneration
HPRegen 0.90/turn               e - +6 ring of strength
MPRegen 0.15/turn               f - ring of magical power

@: no status effects
A: (nimble swimmer 2), mertail
a: no special abilities


You were on level 4 of the Dungeon.
You visited 1 branch of the dungeon, and saw 4 of its levels.

You collected 159 gold pieces.

Inventory:

Hand Weapons
 h - a +0 dagger
 n - a +3 mace (weapon)
Missiles
 c - 36 sling bullets
Armour
 a - a +0 robe (worn)
 g - a +0 cloak (worn)
Jewellery
 e - a +6 ring of strength (left hand)
 f - a ring of magical power (right hand)
 p - an amulet of regeneration (around neck)
Wands
 o - a wand of paralysis (3)
Scrolls
 j - a scroll of silence
 q - a scroll of vulnerability
Potions
 b - a potion of heal wounds
 d - a potion of haste
 k - a potion of cancellation {unknown}
 m - a potion of flight {unknown}


   Skills:
 - Level 2.6 Dodging
 - Level 2.1 Stealth
 + Level 3.1 Spellcasting
 - Level 6.0 Ice Magic


You had 8 spell levels left.
You knew the following spells:

 Your Spells              Type           Power      Damage    Failure   Level
a - Freeze                Ice            84%        1d10      1%          1

Your spell library contained the following spells:

 Spells                   Type           Power      Damage    Failure   Level
 Frozen Ramparts          Ice            42%        1d6       4%          3
 Ozocubu's Armour         Ice            21%        N/A       4%          3
 Hailstorm                Conj/Ice       12%        3d5       47%         4


Dungeon Overview and Level Annotations

Branches:
Dungeon (4/15)
 Temple: D:4-7

Altars:

Annotations:
D:4 Robin


Innate Abilities, Weirdness & Mutations

((You are very nimble when in or above water. (Stealth+, EV+, Speed+++)))
Your lower body shifts to a powerful aquatic tail in water.


Message History

The goblin shouts! x3
The goblin barely misses you.
You hear a shout!
You climb upwards.
There is a stone staircase leading down here.
Casting: Freeze (safe; 1% risk of failure)
Aiming: Freeze (safe; 1% risk of failure)
Aim: a goblin, wielding a +0 dagger You freeze the goblin.
You kill the goblin!
You climb downwards.
Level annotation: Robin The goblin barely misses you.
The hobgoblin barely misses you. The goblin hits you but does no damage.
The goblin hits you with a +0 dagger. The hobgoblin hits you.
There is a stone staircase leading up here.
The goblin closely misses you. The goblin hits you but does no damage.
The goblin hits you with a +0 dagger. The hobgoblin hits you.
Robin roars a battlecry!
The goblins go into a battle-frenzy!
The kobold hits you with a +2 whip of distortion.
You blink.
Found a dagger and a fading flail.
The goblin shouts!
The adder hisses angrily.
You can't go up here!
The goblin misses you. The goblin barely misses you.
Robin throws the goblin at you! The goblin misses you.
You barely miss the goblin. The adder bites you but does no damage.
The goblin hits you but does no damage. The goblin barely misses you.
The goblin hits you with a +0 club. The goblin hits you but does no damage.
The goblin closely misses you. The adder barely misses you.
The goblin hits you with a +0 dagger. The goblin barely misses you.
Okay, then.
You miss the goblin. Robin hits you with a +0 short sword.
The adder closely misses you. The goblin barely misses you.
The goblin hits you with a +0 club. x2
* * * LOW HITPOINT WARNING * * *
The goblin hits you with a +0 dagger.
* * * LOW HITPOINT WARNING * * *
The goblin closely misses you. The goblin hits you with a +0 spear.
You die...

.. #.. #.##.#
####....####
..)....)...
..........#
..........####
.......g.?...#
......Sgg.#
.....Kg@g.#
......ggg.#
......gg..#
.......<..#
.##########


You could see Robin, an adder, 2 hobgoblins, 7 goblins and a kobold.

Vanquished Creatures
  4 adders (D:2)
  A worm (D:3)
  9 orcs (D:3)
  7 ball pythons
  8 bats
  7 endoplasms
  A giant cockroach (D:2)
  4 goblins
  6 hobgoblins
  2 quokkas
  5 frilled lizards (D:1)
  2 kobolds
  5 rats
61 creatures vanquished.

Notes
Turn   | Place    | Note
-------+----------+-------------------------------------------
     0 | D:1      | ILmort the Merfolk Ice Elementalist began the quest for the
                  | Orb.
     0 | D:1      | Reached XP level 1. HP: 13/13 MP: 3/3
   228 | D:1      | Reached XP level 2. HP: 16/19 MP: 0/5
   612 | D:1      | Reached skill level 5 in Ice Magic
   909 | D:1      | Reached XP level 3. HP: 24/24 MP: 4/6
  1680 | D:2      | Reached XP level 4. HP: 23/30 MP: 8/8
  1939 | D:2      | Found a faded altar of an unknown god.
  3166 | D:3      | Reached skill level 6 in Ice Magic
  3717 | D:4      | Noticed Robin
  3725 | D:4      | Slain by a goblin

Illustrated notes

Levels and vault maps discovered:
D:1:      dpeg_arrival_snail, layout_basic
D:2:      cheibrodos_old_hovel, layout_rooms, basic_ecumenical_altar,
          nicolae_elevator_lobby_plus
D:3:      layout_basic, nicolae_concentric_dashed_squares_wild
D:4:      layout_rooms, nicolae_overflow_hidden_temple, uniq_robin

Skill      XL: |  1  2  3  4 |
---------------+-------------+-----
Ice Magic      | 5 6 |  6.0
Spellcasting   | 3 |  3.1
Dodging        | |  2.6
Stealth        | |  2.1

Action                   |  1- 3 |  4- 6 || total
-------------------------+-------+-------++-------
Melee: Unarmed           |     6 |       ||     6
       Club              |    13 |       ||    13
       Dagger            |     4 |    11 ||    15
       Mace              |       |    11 ||    11
       Punch             |       |     1 ||     1
 Cast: Freeze            |    39 |    40 ||    79
  Use: Scroll            |       |     5 ||     5
 Stab: Sleeping          |     5 |     3 ||     8
Armor: Robe              |    10 |    15 ||    25
Dodge: Dodged            |    31 |    36 ||    67
